 Dungeon Crawl Stone Soup version 0.26.0-16-gc1dbca0489 (webtiles) character file.

Game seed: 5014134992024626336

46 iamoutofideas the Firebug (level 3, -4/24 HPs)
             Began as a Demonspawn Fire Elementalist on Jan 20, 2021.
             Slain by Terence
             ... wielding a +2 hand axe of flaming
              (7 damage)
             ... on level 2 of the Dungeon.
             The game lasted 00:02:52 (1491 turns).

iamoutofideas the Firebug (DsFE)                    Turns: 1491, Time: 00:02:52

Health: -4/24      AC:  3    Str:  6 (8)  XL:     3   Next: 44%
Magic:  6/6        EV: 12    Int: 15 (17) God:
Gold:   87         SH:  5    Dex: 10 (13) Spells: 5/6 levels left

rFire    + + .     SeeInvis .   h - +0 short sword (vamp)
rCold    + . .     Faith    .   (no shield)
rNeg     . . .     Spirit   .   a - +0 robe
rPois    +         Reflect  +   j - +0 helmet
rElec    +         Harm     .   (no cloak)
rCorr    +         Rampage  .   (no gloves)
Will     .....                  (no boots)
Stlth    ++........             d - amulet of reflection
HPRegen  0.08/turn              (no ring)
MPRegen  0.10/turn              (no ring)

@: resistant, very slightly contaminated
A: fire resistance 1, spiny 1
a: no special abilities


You were on level 2 of the Dungeon.
You visited 1 branch of the dungeon, and saw 2 of its levels.

You collected 87 gold pieces.

Inventory:

Hand Weapons
 f - a +1 hand axe of freezing
 h - a +0 vampiric short sword (weapon)
Armour
 a - a +0 robe (worn)
 j - a +0 helmet (worn)
Jewellery
 d - an amulet of reflection (around neck)
 o - a +6 ring of dexterity {unknown}
Scrolls
 c - a scroll of blinking {unknown}
 e - 3 scrolls of identify {unknown}
 i - a scroll of enchant armour {unknown}
 k - a scroll of magic mapping {unknown}
 m - a scroll of fear {unknown}
 n - a scroll of immolation {unknown}
Potions
 b - a potion of degeneration


   Skills:
 + Level 0.1 Short Blades
 + Level 2.0 Dodging
 - Level 2.0 Stealth
 + Level 2.4 Spellcasting
 + Level 1.2 Conjurations
 + Level 3.4 Fire Magic


You had 5 spell levels left.
You knew the following spells:

 Your Spells              Type           Power        Failure   Level
a - Foxfire               Conj/Fire      32%          9%          1

Your spell library contained the following spells:

 Spells                   Type           Power        Failure   Level
 Conjure Flame            Conj/Fire      8%           24%         3
 Inner Flame              Hex/Fire       6%           32%         3
 Sticky Flame             Conj/Fire      8%           63%         4
 Fireball                 Conj/Fire      4%           92%         5


Dungeon Overview and Level Annotations

Branches:
Dungeon (2/15)

Altars:

Annotations:
D:2 Terence


Innate Abilities, Weirdness & Mutations

Your flesh is heat resistant. (rF+)
You are partially covered in sharp spines.


Message History

Nothing appears to happen.
The foxfire hits Terence.
Terence is moderately wounded.
The foxfire hits Terence but does no damage.
Terence is moderately wounded.
Terence hits you with a +2 hand axe of flaming.
* * * LOW HITPOINT WARNING * * *
Unknown command.
It was a potion of degeneration.
There was something very wrong with that liquid.
You feel weakened.
You feel dopey.
You feel clumsy. Terence closely misses you.
It was a potion of magic.
Magic courses through your body.
Terence hits you with a +2 hand axe of flaming.
* * * LOW HITPOINT WARNING * * *
It was a potion of resistance.
You feel protected.
Terence hits you with a +2 hand axe of flaming.
* * * LOW HITPOINT WARNING * * *
Terence hits you with a +2 hand axe of flaming!
You die...

... #......[##§# ...
#.......##.# ...
#.......... #'#
#........# #.#
#........#
#.####........# #
#.##........†.#
###.#@##..........# ##
#.....@'..........#....
###.####......††)......
#. #...####'#####.. #
#...# #.# #...# #.#
##### #.# #.# #.# #.# #


You could see Terence.

Vanquished Creatures
  An adder (D:2)
  An ooze (D:1)
  2 dart slugs
  2 leopard geckos (D:1)
  3 goblins
  3 hobgoblins (D:1)
  2 jackals (D:2)
  2 kobolds (D:1)
  4 bats
  5 frilled lizards
  4 rats
29 creatures vanquished.

Vanquished Creatures (others)
  57 foxfires
57 creatures vanquished.

Grand Total: 86 creatures vanquished

Notes
Turn   | Place    | Note
-------+----------+-------------------------------------------
     0 | D:1      | iamoutofideas the Demonspawn Fire Elementalist began the
                  | quest for the Orb.
     0 | D:1      | Reached XP level 1. HP: 13/13 MP: 3/3
   284 | D:1      | Reached skill level 3 in Fire Magic
   293 | D:1      | Gained mutation: Your flesh is heat resistant. (rF+)
                  | [demonic ancestry]
   293 | D:1      | Reached XP level 2. HP: 18/19 MP: 0/5
  1067 | D:2      | Gained mutation: You are partially covered in sharp spines.
                  | [demonic ancestry]
  1067 | D:2      | Reached XP level 3. HP: 24/24 MP: 1/6
  1481 | D:2      | Noticed Terence
  1491 | D:2      | Slain by Terence

Illustrated notes

Levels and vault maps discovered:
D:1:      tarquinn_simple_flora_water_f, layout_loops_ring
D:2:      cheibrodos_pilgrimage, layout_basic, uniq_terence

Skill      XL: |  1  2 |
---------------+-------+-----
Fire Magic     | 3 |  3.4
Stealth        | 2 |  2.0
Dodging        | 2 |  2.0
Short Blades   | |  0.1
Spellcasting   | |  2.4
Conjurations   | |  1.2

Action                   || total
-------------------------++-------
Melee: Unarmed           ||    12
       Short sword       ||    32
       Hand axe          ||     4
 Cast: Foxfire           ||    40
  Use: Potion            ||     3
 Stab: Sleeping          ||     1
Armor: Robe              ||     5
Dodge: Dodged            ||    35
Block: Other             ||    10
